 Dungeon Crawl Stone Soup version 0.30.0-5-g1a98f26d00 (webtiles) character file.

Game seed: 5553392107883504600

4055 retardedninja the Magician (level 10, 0/74 HPs)
             Began as a Gnoll Fire Elementalist on May 8, 2023.
             Slain by a two-headed ogre
             ... wielding a +0 giant spiked club
              (12 damage)
             ... on level 9 of the Dungeon.
             The game lasted 00:14:27 (10684 turns).

retardedninja the Magician (GnFE)                  Turns: 10684, Time: 00:14:28

Health: 0/74       AC: 12    Str: 12    XL:     10   Next: 25%
Magic:  2/21       EV: 20    Int: 26    God:
Gold:   378        SH:  0    Dex: 13    Spells: 13/23 levels left

rFire   . . .        x - +7 falchion of Xaapnac {venom, rC- Will+++ Str+5}
rCold   . . .        (no shield)
rNeg    . . .        y - +7 toga "Victory" {*Victory Int+7 Slay+7 Clar}
rPois   .            (no helmet)
rElec   .            (no cloak)
rCorr   .            (no gloves)
SInv    .            l - +2 pair of boots
Will    +++..        (no amulet)
Stlth   +++          g - +5 ring of evasion
HPRegen 0.32/turn    B - ring of protection from cold
MPRegen 0.17/turn

%: clarity
@: no status effects
A: fangs 1, strong nose, distributed training
a: no special abilities


You were on level 9 of the Dungeon.
You visited 2 branches of the dungeon, and saw 10 of its levels.

You collected 378 gold pieces.

Inventory:

Hand Weapons
 q - a +0 falchion
 x - the +7 falchion of Xaapnac (weapon) {venom, rC- Will+++ Str+5}
   (You found it on level 4 of the Dungeon)

   Str:       It affects your strength (+5).
   rC:        It makes you vulnerable to cold.
   Will:      It greatly increases your willpower.
Missiles
 H - a throwing net
Armour
 l - a +2 pair of boots (worn)
 y - the +7 toga "Victory" (worn) {*Victory Int+7 Slay+7 Clar}
   (You found it on level 5 of the Dungeon)

   *Victory:  When the wearer kills a threatening monster, it has a chance to
   gain +1 AC, +1 Slay, and +1 Int, capping at +7.
   When the wearer uses a scroll or a potion with a hostile monster in sight,
   its bonuses reset to +0.
   Unequipping it also resets its bonuses to +0.
   Int:       It affects your intelligence (+7).
   Slay:      It affects your accuracy & damage with ranged weapons and melee
   (+7).
   Clar:      It protects you from confusion, rage, mesmerisation and fear.
Magical Staves
 m - a staff of conjuration
Jewellery
 g - a +5 ring of evasion (left hand)
 s - a ring of willpower
 B - a ring of protection from cold (right hand)
 C - a ring of wizardry
 G - a ring of willpower
Wands
 p - a wand of roots (1)
 F - a wand of charming (2)
Scrolls
 c - 2 scrolls of teleportation
 e - a scroll of enchant weapon {unknown}
 f - 2 scrolls of noise {unknown}
 i - 2 scrolls of immolation {unknown}
 j - 4 scrolls of fog
 k - a scroll of vulnerability {unknown}
 r - a scroll of fear {unknown}
 v - a scroll of poison {unknown}
 E - 2 scrolls of identify
 I - a scroll of silence {unknown}
 J - a scroll of blinking
Potions
 a - 2 potions of heal wounds
 b - a potion of magic
 d - 2 potions of resistance
 h - a potion of flight {unknown}
 n - a potion of degeneration {unknown}
 o - 2 potions of lignification
 t - a potion of might {unknown}
 u - 2 potions of attraction {unknown}
 w - 6 potions of curing
 z - a potion of mutation {unknown}
 A - a potion of cancellation {unknown}
 D - a potion of berserk rage {unknown}


   Skills:
 + Level 5.3 Fighting
 + Level 5.3 Short Blades
 + Level 5.3 Long Blades
 + Level 5.3 Axes
 + Level 5.3 Maces & Flails
 + Level 5.3 Polearms
 + Level 5.3 Staves
 + Level 5.3 Ranged Weapons
 + Level 5.3 Throwing
 + Level 5.3 Armour
 + Level 7.1 Dodging
 + Level 6.8 Stealth
 + Level 5.3 Shields
 + Level 5.3 Unarmed Combat
 + Level 7.3 Spellcasting
 + Level 4.9 Conjurations
 + Level 4.3 Hexes
 + Level 4.3 Summonings
 + Level 4.3 Necromancy
 + Level 4.3 Translocations
 + Level 4.3 Transmutations
 + Level 7.1 Fire Magic
 + Level 4.3 Ice Magic
 + Level 4.3 Air Magic
 + Level 4.3 Earth Magic
 + Level 4.3 Poison Magic
 + Level 5.8 Invocations
 + Level 5.3 Evocations


You had 13 spell levels left.
You knew the following spells:

 Your Spells              Type           Power      Damage    Failure   Level
a - Foxfire               Conj/Fire      100%       2x1d9     1%          1
b - Scorch                Fire           92%        2d8       1%          2
c - Flame Wave            Conj/Fire      40%        2d11      4%          4
d - Inner Flame           Hex/Fire       39%        N/A       1%          3

Your spell library contained the following spells:

 Spells                   Type           Power      Damage    Failure   Level
 Beastly Appendage        Tmut           64%        N/A       1%          1
 Sandblast                Erth           64%        2d14      1%          1
 Blink                    Tloc           64%        N/A       1%          2
 Passwall                 Tmut/Erth      26%        N/A       1%          2
 Wereblood                Tmut           32%        N/A       1%          2
 Volatile Blastmotes      Fire/Tloc      78%        2d16      1%          3
 Stone Arrow              Conj/Erth      66%        3d11      2%          3
 Spider Form              Tmut/Pois      32%        N/A       3%          3
 Summon Guardian Golem    Hex/Summ       32%        N/A       3%          3
 Manifold Assault         Tloc           32%        N/A       10%         4
 Orb of Destruction       Conj           17%        9d7       100%        7
 Spellforged Servitor     Conj/Summ      16%        N/A       100%        7
 Storm Form               Tmut/Air       16%        N/A       100%        7


Dungeon Overview and Level Annotations

Branches:
Dungeon (9/15)             Temple (1/1) D:5
   Lair: D:8-11         Orc: D:9-12

Altars:
Ashenzari
Cheibriados
Dithmenos
Elyvilon
Fedhas
Gozag
Hepliaklqana
Kikubaaqudgha
Makhleb
Nemelex Xobeh
Okawaru
Qazlal
Ru
Sif Muna
Trog
Uskayaw
Vehumet
Xom
Yredelemnul
Zin
The Shining One

Shops:
D:2 ??   D:4 *

Annotations:
D:8 2 transporters


Innate Abilities, Weirdness & Mutations

You have very sharp teeth.
Your uncanny sense of smell can sniff out nearby items.
Your experience applies equally to all skills.


Message History

A wave of flame ripples out!
The flame wave engulfs the yak!
The yak is severely wounded.
The flame wave engulfs the yak!
You kill the yak!
The flame wave engulfs the yak.
The yak is almost dead. (Press . to intensify the flame waves.)
The yak gores you but does no damage. The yak completely misses you.
Unknown command.
A wave of flame ripples out!
The flame wave engulfs the yak!
The yak is almost dead.
The flame wave engulfs the two-headed ogre!
The two-headed ogre is moderately wounded.
The flame wave engulfs the yak!
You kill the yak!
The two-headed ogre hits you with a +0 giant spiked club!!
The two-headed ogre hits you with a +0 giant club!
The yak misses you.
A wave of flame ripples out!
The flame wave engulfs the yak.
You kill the yak!
The flame wave engulfs the two-headed ogre!
The two-headed ogre is heavily wounded.
You finish channelling waves of flame.
Casting: Flame Wave (dangerous; 4% risk of failure)
Confirm with . or Enter, or press ? or * to list all spells.
Casting: Flame Wave (dangerous; 4% risk of failure)
Press: ? - help, Dir - look around, f - activate A wave of flame ripples out!
The flame wave engulfs the two-headed ogre!
The two-headed ogre is severely wounded. (Press . to intensify the flame waves.)
The two-headed ogre hits you with a +0 giant spiked club!
* * * LOW HITPOINT WARNING * * *
The two-headed ogre hits you with a +0 giant club!
* * * LOW HITPOINT WARNING * * *
A wave of flame ripples out!
The flame wave engulfs the two-headed ogre!
The two-headed ogre is almost dead.
The two-headed ogre hits you with a +0 giant spiked club!
You die...

.........# .........#
.........# .........#
.........# .........#
......†..#.....+
.......O@.#.....#....#
......[†..#.....#....#
..........#.....#....#
..........#...^.#....#
..........#.....#....#
.........#.....#....#
#####.....#....<#....#
#.........#.....'....#
#.........#.....#....#


You could see a two-headed ogre.

Vanquished Creatures
  Maggie (D:7)
  A wyvern (D:8)
  4 yaks (D:9)
  A steam dragon (D:7)
  Menkaure (D:6)
  4 water moccasins
  A black bear (D:6)
  A sky beast (D:7)
  3 ice beasts
  An orc warrior (D:6)
  An ogre (D:7)
  2 kobold brigands
  4 bullfrogs
  4 scorpions
  6 wights
  4 killer bees (D:8)
  5 orc priests
  A jelly (D:6)
  5 hounds
  A sleepcap (D:4)
  4 iguanas
  An orc wizard (D:5)
  6 adders
  2 white imps
  An ufetubus (D:5)
  3 worms
  6 dart slugs
  22 orcs
  8 ball pythons
  5 bats
  4 endoplasms
  7 giant cockroaches
  9 goblins
  3 hobgoblins
  4 jackals (D:1)
  10 kobolds
  6 quokkas
  4 frilled lizards
  5 rats
161 creatures vanquished.

Vanquished Creatures (collateral kills)
  2 foxfires (D:1)
2 creatures vanquished.

Vanquished Creatures (others)
  693 foxfires
693 creatures vanquished.

Grand Total: 856 creatures vanquished

Notes
Turn   | Place    | Note
-------+----------+-------------------------------------------
     0 | D:1      | retardedninja the Gnoll Fire Elementalist began the quest
                  | for the Orb.
     0 | D:1      | Reached XP level 1. HP: 13/13 MP: 6/6
     1 | D:1      | Noticed an electric eel
   248 | D:1      | Reached XP level 2. HP: 18/19 MP: 3/7
   544 | D:1      | Found a faded altar of an unknown god.
  1070 | D:1      | Reached skill level 5 in Spellcasting
  1070 | D:1      | Reached XP level 3. HP: 24/25 MP: 4/9
  1299 | D:1      | Reached skill level 1 in Invocations
  1493 | D:2      | Reached skill level 1 in Fighting
  1493 | D:2      | Reached skill level 1 in Short Blades
  1493 | D:2      | Reached skill level 1 in Long Blades
  1493 | D:2      | Reached skill level 1 in Axes
  1493 | D:2      | Reached skill level 1 in Maces & Flails
  1493 | D:2      | Reached skill level 1 in Polearms
  1493 | D:2      | Reached skill level 1 in Staves
  1493 | D:2      | Reached skill level 1 in Ranged Weapons
  1493 | D:2      | Reached skill level 1 in Throwing
  1493 | D:2      | Reached skill level 1 in Armour
  1493 | D:2      | Reached skill level 1 in Shields
  1493 | D:2      | Reached skill level 1 in Unarmed Combat
  1493 | D:2      | Reached skill level 1 in Evocations
  1611 | D:2      | Found Awoviup's Magic Scroll Shop.
  1709 | D:2      | Found Cekh's Magic Scroll Emporium.
  1721 | D:2      | Reached XP level 4. HP: 32/32 MP: 7/11
  1834 | D:2      | Learned a level 2 spell: Scorch
  2300 | D:2      | Reached skill level 1 in Hexes
  2300 | D:2      | Reached skill level 1 in Summonings
  2300 | D:2      | Reached skill level 1 in Necromancy
  2300 | D:2      | Reached skill level 1 in Translocations
  2300 | D:2      | Reached skill level 1 in Transmutations
  2300 | D:2      | Reached skill level 1 in Ice Magic
  2300 | D:2      | Reached skill level 1 in Air Magic
  2300 | D:2      | Reached skill level 1 in Earth Magic
  2300 | D:2      | Reached skill level 1 in Poison Magic
  3355 | D:3      | Learned a level 4 spell: Flame Wave
  3359 | D:3      | Learned a level 3 spell: Inner Flame
  3387 | D:4      | Reached XP level 5. HP: 37/37 MP: 10/12
  3583 | D:4      | Found a shadowy altar of Dithmenos.
  3653 | D:4      | Found Waamofu's Lightly-Used Armoury.
  3923 | D:4      | Found a hide-covered altar of Uskayaw.
  4168 | D:4      | Found an iron altar of Okawaru.
  4192 | D:4      | Identified the +7 falchion of Xaapnac {venom, rC- Will+++
                  | Str+5}
  4367 | D:4      | Noticed a kobold brigand
  4527 | D:4      | Killed a kobold brigand
  4528 | D:4      | Reached skill level 5 in Dodging
  4528 | D:4      | Reached XP level 6. HP: 42/44 MP: 4/14
  4729 | D:5      | Entered Level 5 of the Dungeon
  4729 | D:5      | Found the +0 toga "Victory" {*Victory Clar}
  5281 | D:5      | Noticed an ice beast
  5289 | D:5      | Killed an ice beast
  5290 | D:5      | Reached XP level 7. HP: 51/51 MP: 6/15
  5401 | D:5      | Found a sacrificial altar of Ru.
  5770 | D:5      | Reached skill level 5 in Stealth
  5855 | D:5      | Found a staircase to the Ecumenical Temple.
  5954 | Temple   | Entered the Ecumenical Temple
  6547 | D:6      | Reached XP level 8. HP: 58/58 MP: 9/16
  6741 | D:6      | Identified the +1 whip of Fedhas, Screaming {speed, +Blink}
  6774 | D:6      | Noticed Menkaure
  6784 | D:6      | Killed Menkaure
  7988 | D:7      | Noticed Maggie
  7997 | D:7      | Killed Maggie
  7998 | D:7      | Reached XP level 9. HP: 44/65 MP: 7/18
  9342 | D:8      | Reached skill level 5 in Invocations
  9987 | D:8      | Reached skill level 5 in Fighting
  9987 | D:8      | Reached skill level 5 in Short Blades
  9987 | D:8      | Reached skill level 5 in Long Blades
  9987 | D:8      | Reached skill level 5 in Axes
  9987 | D:8      | Reached skill level 5 in Maces & Flails
  9987 | D:8      | Reached skill level 5 in Polearms
  9987 | D:8      | Reached skill level 5 in Staves
  9987 | D:8      | Reached skill level 5 in Ranged Weapons
  9987 | D:8      | Reached skill level 5 in Throwing
  9987 | D:8      | Reached skill level 5 in Armour
  9987 | D:8      | Reached skill level 5 in Shields
  9987 | D:8      | Reached skill level 5 in Unarmed Combat
  9987 | D:8      | Reached skill level 5 in Evocations
  9987 | D:8      | Reached XP level 10. HP: 43/74 MP: 12/20
 10143 | D:8      | Found a transporter.
 10144 | D:8      | Found a snail-covered altar of Cheibriados.
 10145 | D:8      | Found a transporter.
 10145 | D:8      | Noticed a tengu warrior
 10146 | D:8      | Found an opulent altar of Gozag.
 10146 | D:8      | Noticed a deep elf pyromancer
 10165 | D:8      | Found a glowing golden altar of the Shining One.
 10674 | D:9      | Noticed a two-headed ogre
 10684 | D:9      | Slain by a two-headed ogre

Illustrated notes

Levels and vault maps discovered:
D:1:      arrival_aquarium_a, layout_basic, shapermc_ecumenical_altar_ellora,
          hangedman_decor_diamond_cutter, minmay_cupped
D:2:      layout_basic, serial_shops, nicolae_diamond_shop,
          nicolae_shop_peninsula
D:3:      layout_loops_cross
D:4:      minmay_chambers_of_fours, layout_loops_ring, old_standard_altar,
          okawaru_ov_weapons_minmay, mainiacjoe_overflow_chevrons, minivault_26,
          hangedman_abyss_or_decor_passed, grunt_ministairs_3,
          hangedman_abyss_or_decor_stabs, minmay_shop_damaged
D:5:      kennysheep_spiral_hall, layout_basic, mainiacjoe_overflow_24_doors,
          minmay_temple_entry_overgrown, due_unseen_surprise
D:6:      layout_loops_corners, uniq_menkaure
D:7:      layout_basic, nicolae_ossuary_entry_monument,
          chequers_serial_rivers_small_b, grunt_ogre_cave, serial_bayou_pond_d,
          uniq_maggie
D:8:      layout_loops_ring, tso_oasis_becter, gammafunk_temple_overflow_arena
D:9:      layout_grid_maze, kennysheep_mini
Temple:   nicolae_temple_superstar

Skill      XL: |  1  2  3  4  5  6  7  8  9 10 |
---------------+-------------------------------+-----
Conjurations   | 2 3 4 |  4.9
Spellcasting   | 5 6 7 |  7.3
Invocations    | 1 2 3 4 5 |  5.8
Fighting       | 1 2 3 5 |  5.3
Short Blades   | 1 2 3 5 |  5.3
Long Blades    | 1 2 3 5 |  5.3
Axes           | 1 2 3 5 |  5.3
Maces & Flails | 1 2 3 5 |  5.3
Polearms       | 1 2 3 5 |  5.3
Staves         | 1 2 3 5 |  5.3
Ranged Weapons | 1 2 3 5 |  5.3
Throwing       | 1 2 3 5 |  5.3
Armour         | 1 2 3 5 |  5.3
Shields        | 1 2 3 5 |  5.3
Unarmed Combat | 1 2 3 5 |  5.3
Evocations     | 1 2 3 5 |  5.3
Hexes          | 1 2 3 4 |  4.3
Summonings     | 1 2 3 4 |  4.3
Necromancy     | 1 2 3 4 |  4.3
Translocations | 1 2 3 4 |  4.3
Transmutations | 1 2 3 4 |  4.3
Ice Magic      | 1 2 3 4 |  4.3
Air Magic      | 1 2 3 4 |  4.3
Earth Magic    | 1 2 3 4 |  4.3
Poison Magic   | 1 2 3 4 |  4.3
Dodging        | 5 6 7 |  7.1
Stealth        | 5 6 |  6.8
Fire Magic     | 6 7 |  7.1

Action                     |  1- 3 |  4- 6 |  7- 9 | 10-12 || total
---------------------------+-------+-------+-------+-------++-------
  Melee: Unarmed           |     2 |       |       |       ||     2
         Falchion          |       |     6 |     5 |       ||    11
         Bite              |       |     1 |       |       ||     1
   Cast: Foxfire           |    90 |   141 |   187 |    10 ||   428
         Scorch            |       |    16 |    33 |       ||    49
         Flame Wave        |       |       |     6 |     3 ||     9
  Evoke: Wand              |       |       |     3 |       ||     3
    Use: Scroll            |       |       |     9 |       ||     9
 Armour: Robe              |     7 |     1 |    32 |    11 ||    51
  Dodge: Dodged            |    14 |    34 |   142 |    30 ||   220
